AoeStats
← leventcevahir09

Hideout

509701274Analyzed
1v1 RM · 5d ago on Sep 27, 2026· 53m 27s· 2 players
Game mode
Random Map
Map size
Tiny (2 player)
Population
200
Speed
Normal
Resources
Standard
Victory
Conquest
Starting age
Dark Age
Ending age
Imperial Age
RankedLock teamsTeams togetherTeam positionsShared explorationLock speedFull tech treeHidden civsTurbo modeCheats
Victory
Defeat
🇹🇷 Huns · Türkiye
739
+16
🇷🇴 Bengalis · Romania
746
-16
leventcevahir09
10:34 Feudal Age
12:52 Double-Bit Axe
16:34 Castle Age
14:28 Horse Collar
15:03 Stone Mining
17:46 Bow Saw
17:55 Heavy Plow
20:50 Gold Mining
23:02 Fervor
25:00 Scale Barding Armor
25:06 Forging
25:45 Wheelbarrow
24:56 Town Watch
24:58 Loom
26:30 Gold Shaft Mining
28:10 Husbandry
28:21 Bloodlines
28:34 Chain Barding Armor
28:51 Iron Casting
29:48 Hand Cart
29:37 Town Patrol
33:44 Imperial Age
31:18 Marauders
31:29 Squires
33:59 Elite Tarkan
37:40 Plate Barding Armor
38:06 Blast Furnace
46:09 Conscription
catalinpopflorin
0:27 Loom
13:44 Feudal Age
15:16 Double-Bit Axe
16:25 Horse Collar
18:01 Wheelbarrow
18:00 Gold Mining
18:05 Stone Mining
22:39 Castle Age
23:32 Bow Saw
23:24 Heavy Plow
24:05 Gold Shaft Mining
24:52 Town Watch
25:51 Hand Cart
25:43 Town Patrol
32:22 Imperial Age
30:23 Scale Mail Armor
30:23 Pikeman
31:38 Squires
31:24 Arson
31:25 Gambesons
33:11 Forging
33:45 Chain Mail Armor
35:57 Iron Casting
37:15 Two-Man Saw
36:53 Crop Rotation
36:58 Paiks
37:08 Masonry
38:10 Conscription
37:34 Halberdier
38:52 Ballistics
40:16 Blast Furnace
40:22 Arrowslits
41:52 Mahayana
46:23 Elite Skirmisher
Connection lost

Rejoining the realm…

Still unreachable

The connection could not be restored.

Session expired

The server has moved on; the page needs a fresh start.